 Dungeon Crawl Stone Soup version 0.28-a0-802-g09f76e8c00 (webtiles) character file.

Game seed: 2349204713362455183

58 iamoutofideas the Magician (level 3, -2/24 HPs)
             Began as a Demonspawn Fire Elementalist on Nov 7, 2021.
             Killed from afar by Natasha (8 damage)
             ... with a puff of flame
             ... on level 2 of the Dungeon.
             The game lasted 00:01:43 (1559 turns).

iamoutofideas the Magician (DsFE)                   Turns: 1559, Time: 00:01:44

Health: -2/24      AC:  2    Str:  8    XL:     3   Next: 75%
Magic:  5/7        EV: 12    Int: 17    God:
Gold:   71         SH:  0    Dex: 13    Spells: 5/8 levels left

rFire   . . .      SeeInvis .   (no weapon)
rCold   . . .      Faith    .   (no shield)
rNeg    . . .      Spirit   .   a - +0 robe
rPois   .          Reflect  .   (no helmet)
rElec   .          Harm     .   (no cloak)
rCorr   .          Rampage  .   (no gloves)
Will    .....                   (no boots)
Stlth   ++........              (no amulet)
HPRegen 0.08/turn               (no ring)
MPRegen 0.20/turn               (no ring)

@: very slightly contaminated
A: magic regeneration, weakness stinger 1
a: no special abilities


You were on level 2 of the Dungeon.
You visited 1 branch of the dungeon, and saw 2 of its levels.

You collected 71 gold pieces.

Inventory:

Armour
 a - a +0 robe (worn)
Scrolls
 c - 2 scrolls of identify {unknown}
Potions
 b - a potion of heal wounds {unknown}
 d - 2 potions of invisibility {unknown}
 e - a potion of mutation {unknown}


   Skills:
 + Level 1.8 Dodging
 - Level 1.9 Stealth
 * Level 3.2 Spellcasting
 + Level 1.4 Conjurations
 + Level 3.0 Fire Magic


You had 5 spell levels left.
You knew the following spells:

 Your Spells              Type           Power      Damage    Failure   Level
a - Foxfire               Conj/Fire      40%        2x1d6     7%          1
b - Scorch                Fire           26%        2d6       8%          2

Your spell library contained the following spells:

 Spells                   Type           Power      Damage    Failure   Level
 Conjure Flame            Conj/Fire      10%        6-21      21%         3
 Inner Flame              Hex/Fire       8%         N/A       26%         3
 Flame Wave               Conj/Fire      10%        3d4       54%         4


Dungeon Overview and Level Annotations

Branches:
Dungeon (2/15)

Altars:

Shops:
D:2 [

Annotations:
D:2 Natasha


Innate Abilities, Weirdness & Mutations

You regenerate magic rapidly.
You have a small tail.


Message History

Natasha, Servant of Life and Death comes into view.
She is carrying a wand of flame (17).
Natasha moves out of view.
Found a scroll labelled ISILARYBUS and 6 gold pieces.
Casting: Foxfire (safe; 7% risk of failure)
Confirm with . or Enter, or press ? or * to list all spells.
You conjure some foxfire!
Natasha hisses angrily.
Natasha drinks a potion.
Natasha seems to speed up.
Unknown command.
Casting: Foxfire (safe; 7% risk of failure)
Confirm with . or Enter, or press ? or * to list all spells.
You miscast Foxfire.
You are very lightly contaminated with residual magic.
Nothing appears to happen.
The foxfire hits Natasha.
Natasha is moderately wounded.
Natasha casts a spell at you. You resist with significant effort.
Natasha wildly gestures.
You feel troubled.
Natasha zaps a wand.
The puff of flame hits you!
Casting: Foxfire (safe; 7% risk of failure)
Confirm with . or Enter, or press ? or * to list all spells.
You conjure some foxfire!
Natasha casts a spell.
Unknown command.
Casting: Foxfire (safe; 7% risk of failure)
Confirm with . or Enter, or press ? or * to list all spells.
There is not enough space to conjure foxfire!
Unknown command.
Your foxfire dissipates!
The foxfire hits the white imp.
The white imp is lightly wounded.
The foxfire hits the white imp.
The white imp is burned terribly!
The white imp is severely wounded.
Natasha hisses.
Natasha zaps a wand.
The puff of flame hits you!
Ouch! That really hurt!
* * * LOW HITPOINT WARNING * * *
Natasha zaps a wand.
The puff of flame hits you!
You die...

##.........
#..........
#..........
..........
.......?. #
#5h...... ####
#.# ...#### #.#
......# ##@#
....#.## ##..#
....#..# #..##
....##.# ###.##
....##.# ###|..#
....##.###...###
.(.........###
<...#.##..##
#####.##..#


You could see Natasha (fast) and a white imp (summoned).

Vanquished Creatures
  Natasha (D:2)
  An adder (D:2)
  A dart slug (D:1)
  2 bats (D:1)
  3 endoplasms (D:1)
  3 goblins
  3 hobgoblins
  A quokka (D:1)
  2 frilled lizards
  A kobold (D:2)
  4 rats
22 creatures vanquished.

Vanquished Creatures (others)
  75 foxfires
75 creatures vanquished.

Grand Total: 97 creatures vanquished

Notes
Turn   | Place    | Note
-------+----------+-------------------------------------------
     0 | D:1      | iamoutofideas the Demonspawn Fire Elementalist began the
                  | quest for the Orb.
     0 | D:1      | Reached XP level 1. HP: 13/13 MP: 3/3
   562 | D:1      | Discovered your monstrous ancestry.
   562 | D:1      | Gained mutation: You have a small tail. [demonic ancestry]
   562 | D:1      | Reached XP level 2. HP: 16/19 MP: 1/5
  1342 | D:2      | Gained mutation: You regenerate magic rapidly. [demonic
                  | ancestry]
  1342 | D:2      | Reached XP level 3. HP: 24/24 MP: 1/7
  1345 | D:2      | Learned a level 2 spell: Scorch
  1383 | D:2      | Found Ratego's Antique Armour Shoppe.
  1428 | D:2      | Noticed Natasha
  1433 | D:2      | Killed Natasha
  1550 | D:2      | Noticed Natasha
  1559 | D:2      | Killed from afar by Natasha

Illustrated notes

Levels and vault maps discovered:
D:1:      dpeg_arrival_tiny_h, layout_loops_ring
D:2:      layout_rooms, serial_shops, nicolae_square_shop, uniq_natasha

Skill      XL: |  1  2  3 |
---------------+----------+-----
Spellcasting   | 3 |  3.2
Fire Magic     | 3 |  3.0
Dodging        | |  1.8
Stealth        | |  1.9
Conjurations   | |  1.4

Action                   || total
-------------------------++-------
Melee: Unarmed           ||    19
       Tailslap          ||     2
 Cast: Foxfire           ||    56
Armor: Robe              ||    11
Dodge: Dodged            ||    34

Table legend: (Time is in decaauts)
 A = Elapsed time spent in this place.
 B = Non-inter-level travel time spent in this place.
 C = Inter-level travel time spent in this place.
 D = Time resting spent in this place.
 E = Time spent auto-exploring this place.
 F = Levels seen in this place.
 G = Mean time per level.
                   A        B        C        D        E       F      G
               +--------+--------+--------+--------+--------+-----+--------+
         Total |   1558 |   1534 |     24 |     56 |   1249 |   2 |  779.0 |
       Dungeon |   1558 |   1534 |     24 |     56 |   1249 |   2 |  779.0 |
               +--------+--------+--------+--------+--------+-----+--------+

Top non-repeatable levels by time:
     D:1: 1329 daAuts
     D:2: 229 daAuts
